 Dungeon Crawl Stone Soup version 0.27-a0-1277-g3808f8b1c9 (webtiles) character file.

Game seed: 10005697374033712717

1386 MordorOrchid the Magician (level 9, 0/61 HPs)
             Began as a Djinni Venom Mage on June 12, 2021.
             Was an Initiate of Makhleb.
             Slain by a gnoll (4 damage)
             ... on level 6 of the Dungeon.
             The game lasted 00:18:27 (7979 turns).

MordorOrchid the Magician (Djinni Venom Mage)       Turns: 7979, Time: 00:18:28

Health: 0/61       AC:  2    Str:  7    XL:     9   Next: 0%
Gold:   177        EV: 14    Int: 26    God:    Makhleb [......] SH:  0 Dex: 16

rFire    + + .     SeeInvis .   y - +3 dagger (venom)
rCold    . . .     Faith    .   (no shield)
rNeg     + . .     Spirit   .   a - +0 robe
rPois    ∞         Reflect  .   (no helmet)
rElec    .         Harm     .   (no cloak)
rCorr    .         Rampage  .   (no gloves)
Will     .....                  (boots unavailable)
Stlth    ++........             (no amulet)
HPRegen  0.20/turn              k - ring of Zywiq {*Slow rC+ rN+ Dex+2}
MPRegen  0.00/turn              g - +6 ring of intelligence

@: flying
A: sickness immunity, fire resistance 2, cold vulnerability 1, float, innate
caster, hp casting, extra vitality 1
a: Renounce Religion


You were on level 6 of the Dungeon.
You worshipped Makhleb.
Makhleb was noncommittal.
You visited 1 branch of the dungeon, and saw 6 of its levels.

You collected 177 gold pieces.

Inventory:

Hand Weapons
 e - a +0 vorpal hunting sling
 y - a +3 dagger of venom (weapon)
Missiles
 d - 34 bolts
 j - 99 arrows
 o - 65 stones
 A - 38 poisoned darts
Armour
 a - a +0 robe (worn)
 l - a +0 leather armour of willpower
 w - a +2 buckler
Jewellery
 g - a +6 ring of intelligence (right hand)
 k - the ring of Zywiq (left hand) {*Slow rC+ rN+ Dex+2}
   (You found it on level 5 of the Dungeon)

   [ring of protection from cold]

   It affects your dexterity (+2).
   It protects you from cold.
   It protects you from negative energy.
   It may slow you when you take damage.
 r - a ring of wizardry
 t - a +6 ring of intelligence
Wands
 q - a wand of iceblast (10)
 C - a wand of acid (7)
Scrolls
 z - 2 scrolls of teleportation
Potions
 b - 3 potions of magic {unknown}
 c - 2 potions of haste {unknown}
 f - 2 potions of attraction
 h - a potion of flight {unknown}
 m - 3 potions of curing
 s - a potion of ambrosia {unknown}
 x - a potion of berserk rage {unknown}


   Skills:
 * Level 3.3 Fighting
 * Level 4.5 Dodging
 - Level 3.0 Stealth
 * Level 2.9 Shields
 + Level 6.0 Spellcasting
 * Level 3.0 Evocations


You couldn't memorise any spells.
You knew the following spells:

 Your Spells              Type           Power      Damage    Failure   Level
a - Sting                 Tmut/Pois      100%       1d8       1%          1
b - Olgreb's Toxic Radia  Pois           39%        N/A       6%          4
c - Searing Ray           Conj           78%        3d6       1%          2
d - Ignite Poison         Fire/Tmut/Pois 39%        N/A       1%          3
e - Summon Guardian Gole  Hex/Summ       39%        N/A       1%          3
f - Sandblast             Erth           78%        2d17      1%          1
g - Mephitic Cloud        Conj/Pois/Air  39%        N/A       1%          3
h - Summon Lightning Spi  Summ/Air       39%        N/A       6%          4
p - Poisonous Vapours     Pois/Air       78%        N/A       1%          2
Your spell library was empty.

Dungeon Overview and Level Annotations

Branches:
Dungeon (6/15)             Temple (0/1) D:5

Altars:
Kikubaaqudgha
Makhleb
Okawaru
Trog
Zin

Shops:
D:3 =


Innate Abilities, Weirdness & Mutations

You are immune to sickness and miasma.
You are immune to poison.
Your flesh is very heat resistant. (rF++)
You are vulnerable to cold. (rC-)
You float through the air rather than walking.
You learn spells naturally, not from books.
Your magical power is your life essence.
You have superior vitality. (+4 HP)


Message History

Your Spellcasting skill increases to level 6!
You have reached level 9!
Your experience leads to an increase in your attributes!
Your base attributes are Str 7, Int 19, Dex 14.
Increase (S)trength, (I)ntelligence, or (D)exterity?
You feel clever.
The power to cast Summon Lightning Spire wells up from within.
Spell assigned to 'h'.
A bullfrog zombie comes into view.
The ufetubus misses you. The ufetubus hits you.
The ufetubus closely misses you. The ufetubus barely misses you.
The ufetubus hits you. The ufetubus closely misses you. The ufetubus hits you.
The ufetubus barely misses you. The bullfrog zombie misses you.
You closely miss the hound. The ufetubus misses you.
The ufetubus barely misses you. The hound bites you.
The bullfrog zombie hits you. The ufetubus closely misses you.
The ufetubus hits you. The hound bites you but does no damage.
You closely miss the hound. The bullfrog zombie hits you.
The ufetubus closely misses you. The ufetubus hits you. The hound bites you.
Unknown command.
The ice beast barely misses you. The hound barely misses you.
The ufetubus closely misses you. The ufetubus hits you.
You see here 12 gold pieces.
A gnoll comes into view. It is wielding a +0 spear.
The hound bites you.
A gnoll shaman comes into view.
It is wielding a +2 whip of electrocution.
Found 14 gold pieces.
The hound closely misses you.
You hit the ice beast but do no damage. The hound bites you.
The ufetubus closely misses you. The ufetubus barely misses you.
The ice beast hits you. The ice beast freezes you!
* * * LOW HITPOINT WARNING * * *
You closely miss the ice beast. The hound bites you.
* * * LOW HITPOINT WARNING * * *
The ufetubus hits you.
* * * LOW HITPOINT WARNING * * *
The ufetubus closely misses you.
The gnoll hits you from afar with a +0 spear.
You die...

##. .. ..#.#. ..## ...
##..... ...####...
#....#. #...##....
#......##.......#
##.............#
...............##
...............Y## .
.......<......Zh@##....
............$..5..g...#
............##.#.##...#
......####.#####g# ....
..$... #.# #.. ###
...... ... .$.# .....
..... ...# .....
....?.. ..## .........
.#


You could see an ice beast, a gnoll shaman, a hound, a gnoll, an ufetubus and a
bullfrog zombie.

Vanquished Creatures
  A troll (D:5)
  An ice beast (D:5)
  A sky beast (D:5)
  2 ogres (D:5)
  A centaur (D:6)
  A bullfrog (D:6)
  A wyvern zombie (D:5)
  A centaur skeleton (D:6)
  2 jellies (D:4)
  3 orc priests
  4 hounds
  Ijyb (D:3)
  Natasha (D:3)
  3 orc wizards
  A killer bee zombie (D:6)
  6 adders
  An ufetubus (D:4)
  2 adder skeletons (D:4)
  3 worms
  16 orcs
  5 endoplasms
  3 giant cockroaches
  6 goblins
  7 hobgoblins
  17 jackals
  6 ball pythons
  4 bats
  2 frilled lizards
  5 kobolds
  2 rats
109 creatures vanquished.

Notes
Turn   | Place    | Note
-------+----------+-------------------------------------------
     0 | D:1      | MordorOrchid the Djinni Venom Mage began the quest for the
                  | Orb.
     0 | D:1      | Reached XP level 1. HP: 15/15 MP: 0/0
   438 | D:1      | Reached XP level 2. HP: 20/21 MP: 0/0
  1116 | D:1      | Reached XP level 3. HP: 3/25 MP: 0/0
  1116 | D:1      | Learned a level 1 spell: Sandblast
  1682 | D:2      | Reached skill level 3 in Spellcasting
  1752 | D:2      | Found an iron altar of Okawaru.
  1753 | D:2      | You are sucked into a shaft and drop 1 floor!
  1898 | D:3      | Found a bloodstained altar of Trog.
  2185 | D:3      | Noticed Natasha
  2197 | D:3      | Killed Natasha
  2198 | D:3      | Reached XP level 4. HP: 19/31 MP: 0/0
  2385 | D:3      | Found a faded altar of an unknown god.
  2930 | D:2      | Reached skill level 1 in Fighting
  3381 | D:3      | Found Kuniukhlo's Jewellery Shop.
  3573 | D:3      | Found a glowing silver altar of Zin.
  3822 | D:3      | Noticed Ijyb
  3825 | D:3      | Killed Ijyb
  3826 | D:3      | Reached XP level 5. HP: 31/37 MP: 0/0
  3826 | D:3      | Learned a level 2 spell: Searing Ray
  4511 | D:4      | Reached XP level 6. HP: 22/42 MP: 0/0
  5025 | D:4      | Reached skill level 4 in Spellcasting
  5249 | D:4      | Reached skill level 1 in Evocations
  5258 | D:4      | Found a burning altar of Makhleb.
  5280 | D:4      | Became a worshipper of Makhleb the Destroyer
  5744 | D:5      | Entered Level 5 of the Dungeon
  5764 | D:5      | Reached XP level 7. HP: 41/48 MP: 0/0
  5764 | D:5      | Learned a level 3 spell: Summon Guardian Golem
  5849 | D:5      | Reached skill level 1 in Shields
  5967 | D:5      | Identified the ring of Zywiq {*Slow rC+ rN+ Dex+2}
  6186 | D:5      | Noticed a troll
  6190 | D:5      | Killed a troll
  6191 | D:5      | Reached skill level 5 in Spellcasting
  6191 | D:5      | Reached XP level 8. HP: 48/55 MP: 0/0
  6367 | D:5      | Found a staircase to the Ecumenical Temple.
  7966 | D:6      | Reached skill level 6 in Spellcasting
  7966 | D:6      | Reached XP level 9. HP: 50/61 MP: 0/0
  7966 | D:6      | Learned a level 4 spell: Summon Lightning Spire
  7979 | D:6      | Slain by a gnoll

Illustrated notes

Levels and vault maps discovered:
D:1:      scummos_arrival_hexagon, layout_loops_cross
D:2:      minmay_door_path, layout_rooms, basic_altar
D:3:      layout_loops_corners, old_standard_altar, lemuel_tele_altar,
          serial_shops, nicolae_shop_behind_doors,
          ebering_ecumenical_altar_abandoned, uniq_ijyb,
          uniq_crazy_yiuf_cottage, uniq_natasha
D:4:      layout_basic, nicolae_overflow_crystal_walls, bloody_makhleb,
          sigmund_army
D:5:      layout_loops_corners, minmay_temple_entry_grid
D:6:      layout_cave_pools, serial_gnoll_camp, gnoll_camp_huts_basic,
          grums_kennel, gnoll_camp_mini_hut, gnoll_camp_mini_hut,
          portal_sewer_entry_b, serial_bayou_crossing

Skill      XL: |  1  2  3  4  5  6  7  8 |
---------------+-------------------------+-----
Spellcasting   | 3 4 5 6 |  6.0
Stealth        | 2 3 |  3.0
Fighting       | 1 2 3 |  3.3
Dodging        | 3 4 |  4.5
Evocations     | 1 2 3 |  3.0
Shields        | 2 |  2.9

Action                   |  1- 3 |  4- 6 |  7- 9 || total
-------------------------+-------+-------+-------++-------
Melee: Dagger            |       |    18 |    11 ||    29
 Cast: Sting             |    39 |    35 |     5 ||    79
       Poisonous Vapours |    16 |    34 |    21 ||    71
       Sandblast         |     3 |     7 |     3 ||    13
       Ignite Poison     |       |     4 |    17 ||    21
       Mephitic Cloud    |       |     3 |    10 ||    13
       Olgreb's Toxic Ra |       |     1 |       ||     1
       Summon Guardian G |       |       |     1 ||     1
  Use: Scroll            |       |     3 |     8 ||    11
 Stab: Sleeping          |       |     3 |       ||     3
       Confused          |       |       |     2 ||     2
Armor: Robe              |     8 |     3 |     7 ||    18
Dodge: Dodged            |    14 |    17 |    52 ||    83

Table legend: (Time is in decaauts)
 A = Elapsed time spent in this place.
 B = Non-inter-level travel time spent in this place.
 C = Inter-level travel time spent in this place.
 D = Time resting spent in this place.
 E = Time spent auto-exploring this place.
 F = Levels seen in this place.
 G = Mean time per level.
                   A        B        C        D        E       F      G
               +--------+--------+--------+--------+--------+-----+--------+
         Total |   7980 |   7688 |    292 |    485 |   6456 |   6 | 1330.0 |
       Dungeon |   7980 |   7688 |    292 |    485 |   6456 |   6 | 1330.0 |
               +--------+--------+--------+--------+--------+-----+--------+

Top non-repeatable levels by time:
     D:5: 2153 daAuts
     D:3: 1735 daAuts
     D:1: 1676 daAuts
     D:4: 1410 daAuts
     D:2: 921 daAuts
     D:6: 82 daAuts
